 Dungeon Crawl Stone Soup version 0.30-a0-395-gfe72c296f8 (webtiles) character file.

Game seed: 13496671500908622390

40 Ijustatesigmund the Trooper (level 3, -5/31 HPs)
             Began as a Djinni Cinder Acolyte on Dec 7, 2022.
             Was a High Priest of Ignis.
             Frozen to death by an endoplasm (7 damage)
             ... on level 2 of the Dungeon.
             The game lasted 00:04:08 (671 turns).

Ijustatesigmund the Trooper (Djinni Cinder Acolyte)  Turns: 671, Time: 00:04:08

Health: -5/31      AC:  2    Str: 13    XL:     3   Next: 72%
Gold:   76         EV: 11    Int: 17    God:    Ignis [*****.] SH:  0 Dex:  8

rFire   + + +      SeeInvis .    a - +0 falchion (flame)
rCold   x . .      Faith    .    (no shield)
rNeg    . . .      Spirit   .    b - +0 robe
rPois   ∞          Reflect  .    (no helmet)
rElec   .          Harm     .    (no cloak)
rCorr   .          Rampage  .    (no gloves)
Will    .....                    (boots unavailable)
Stlth   +.........               (no amulet)
HPRegen 0.25/turn                (no ring)
MPRegen 0.00/turn                (no ring)

@: brilliant, flying
A: sickness immunity, fire resistance 2, cold vulnerability 1, float, innate
caster, HP casting, extra vitality 1
a: Renounce Religion, Fiery Armour, Foxfire Swarm, Rising Flame


You were on level 2 of the Dungeon.
You worshipped Ignis.
Ignis was extremely pleased with you.
You visited 1 branch of the dungeon, and saw 2 of its levels.

You collected 76 gold pieces.

Inventory:

Hand Weapons
 a - a +0 falchion of flaming (weapon)
Missiles
 c - a throwing net
Armour
 b - a +0 robe (worn)


   Skills:
 + Level 3.8 Fighting
 - Level 2.6 Long Blades
 + Level 3.0 Spellcasting


You had 5 spell levels left.
You knew the following spells:

 Your Spells              Type           Power      Damage    Failure   Level
a - Scorch                Fire           38%        2d7       8%          2
b - Freeze                Ice            76%        1d8       4%          1
Your spell library was empty.

Dungeon Overview and Level Annotations

Branches:
Dungeon (2/15)

Altars:


Innate Abilities, Weirdness & Mutations

You are immune to sickness and miasma.
You are immune to poison.
Your flesh is very heat resistant. (rF++)
You are vulnerable to cold. (rC-)
You float through the air rather than walking.
You learn spells naturally, not from books.
Your magical power is your life essence.
You have superior vitality. (+4 MHP)


Message History

Casting: Scorch (safe; 8% risk of failure)
Confirm with . or Enter, or press ? or * to list all spells.
You can't see any susceptible monsters within range! (Use Z to cast anyway.)
Casting: Scorch (safe; 8% risk of failure)
Confirm with . or Enter, or press ? or * to list all spells.
Flames lash the dart slug.
You kill the dart slug!
* * * LOW HITPOINT WARNING * * *
The kobold throws a stone.
The stone hits you.
* * * LOW HITPOINT WARNING * * *
Your magical contamination has completely faded away.
As you read the scroll labelled DADWECOGOOPP, it crumbles to dust.
It is a scroll of enchant weapon.
Your -1 falchion of flaming glows red for a moment.
The endoplasm freezes you.
You are frozen.
You feel a terrible chill!
* * * LOW HITPOINT WARNING * * *
Casting: Scorch (safe; 8% risk of failure)
Confirm with . or Enter, or press ? or * to list all spells.
Flames lash the frilled lizard.
You kill the frilled lizard!
* * * LOW HITPOINT WARNING * * *
The endoplasm misses you.
Casting: Scorch (safe; 8% risk of failure)
Confirm with . or Enter, or press ? or * to list all spells.
Okay, then.
It was a potion of curing.
You feel better. The endoplasm freezes you.
You are frozen.
You feel a terrible chill!
* * * LOW HITPOINT WARNING * * *
It was a potion of brilliance.
You feel clever all of a sudden. The endoplasm freezes you.
You are frozen.
You feel a terrible chill!
* * * LOW HITPOINT WARNING * * *
You hit the endoplasm. You burn the endoplasm.
The endoplasm is severely wounded.
The endoplasm freezes you.
You are frozen!
You feel a terrible chill!
You die...

#..# #.## ###
$.K##.# #..# #.#
#J#.## #..# #.#
#...#
#..######..####
##..# #.......##.
..# #w.#
####.####.# ###.#
#..# .....# #(#
#.(## ##..#
###### #.#
#...####Sw.# #.#
#..@JK†Kg#.# #.#
##..###r##.# #.#
#.## #....#
#.#####.####.####
#.##.........#
#.##.#########
#########.##.#
..........##.#
.###########.#


You could see a dart slug, an endoplasm, a hobgoblin, a ball python, 2 kobolds
and a rat.

Vanquished Creatures
  An adder (D:2)
  A worm (D:2)
  A dart slug (D:2)
  2 ball pythons (D:1)
  2 bats
  A giant cockroach (D:2)
  2 hobgoblins
  5 jackals (D:2)
  2 quokkas (D:1)
  5 frilled lizards
  A kobold (D:1)
  3 rats
26 creatures vanquished.

Notes
Turn   | Place    | Note
-------+----------+-------------------------------------------
     0 | D:1      | Ijustatesigmund the Djinni Cinder Acolyte began the quest
                  | for the Orb.
     0 | D:1      | Ijustatesigmund set off with the following spells
                  | memorised: Scorch.
     0 | D:1      | Reached XP level 1. HP: 20/20 MP: 0/0
   177 | D:1      | Reached XP level 2. HP: 18/25 MP: 0/0
   385 | D:1      | You are sucked into a shaft and drop 1 floor!
   453 | D:2      | Reached XP level 3. HP: 18/30 MP: 0/0
   453 | D:2      | Learned a level 1 spell: Freeze
   668 | D:2      | HP: 1/31 [frozen (4)]
   671 | D:2      | Frozen to death by an endoplasm

Illustrated notes

Levels and vault maps discovered:
D:1:      tarquinn_simple_flora_water_e, layout_loops_ring
D:2:      layout_loops_ring, basic_altar, minmay_joined_circles, uniq_jessica

Skill      XL: |  1  2  3 |
---------------+----------+-----
Spellcasting   | 3 |  3.0
Fighting       | |  3.8
Long Blades    | |  2.6

Action                   || total
-------------------------++-------
Melee: Falchion          ||    36
 Cast: Scorch            ||    23
       Freeze            ||     3
  Use: Potion            ||     2
       Scroll            ||     1
Armor: Robe              ||    22
Dodge: Dodged            ||    52

Table legend: (Time is in decaauts)
 A = Elapsed time spent in this place.
 B = Non-inter-level travel time spent in this place.
 C = Inter-level travel time spent in this place.
 D = Time resting spent in this place.
 E = Time spent auto-exploring this place.
 F = Levels seen in this place.
 G = Mean time per level.
                   A        B        C        D        E       F      G
               +--------+--------+--------+--------+--------+-----+--------+
         Total |    676 |    676 |      0 |     21 |    485 |   2 |  338.0 |
       Dungeon |    676 |    676 |      0 |     21 |    485 |   2 |  338.0 |
               +--------+--------+--------+--------+--------+-----+--------+

Top non-repeatable levels by time:
     D:1: 389 daAuts
     D:2: 287 daAuts
